 Dungeon Crawl Stone Soup version 0.32-a0-960-g3814254bd7 (webtiles) character file.

Game seed: 14850289075042261750

422 retardedninja the Trooper (level 6, -2/51 HPs)
             Began as a Coglin Fighter on Apr 17, 2024.
             Slain by a bombardier beetle (3 damage)
             ... on level 4 of the Dungeon.
             The game lasted 00:05:03 (3399 turns).

retardedninja the Trooper (Coglin Fighter)          Turns: 3399, Time: 00:05:10

Health: -2/51      AC:  9    Str: 18 (19) XL:     6   Next: 95%
Magic:  6/6        EV:  6    Int:  6 (7)  God:
Gold:   216        SH:  0    Dex: 11 (13) Spells: 5/5 levels left

rFire   . . .        a - +0 war axe {Yongsun}
rCold   . . .        e - +0 mace {Kendra}
rNeg    . . .        g - +0 chain mail
rPois   .            (no helmet)
rElec   .            (no cloak)
rCorr   .            (no gloves)
SInv    .            (no boots)
Will    +....        (amulet unavailable) Stlth
                     (ring unavailable)
HPRegen 0.28/turn    (ring unavailable)
MPRegen 0.10/turn    (no gizmo)

%: no passive effects
@: on fire, enlightened, flying, glowing, revved
A: off-hand wielding, slow wielding, warmup strikes, no jewellery
a: Invent Gizmo


You were on level 4 of the Dungeon.
You visited 1 branch of the dungeon, and saw 4 of its levels.

You collected 216 gold pieces.

Inventory:

Hand Weapons
 a - a +0 war axe (weapon) {Yongsun}
 e - a +0 mace (offhand) {Kendra}
Armour
 g - a +0 chain mail (worn)
 j - a scarf of harm
Wands
 m - a wand of digging (4)
Scrolls
 c - 5 scrolls of identify {unknown}
 f - a scroll of noise {unknown}
 h - 5 scrolls of teleportation {unknown}
 l - 2 scrolls of enchant armour {unknown}
 n - a scroll of blinking {unknown}
Potions
 i - a potion of degeneration


   Skills:
 * Level 5.2 Fighting
 * Level 4.7 Axes
 + Level 3.9 Armour
 - Level 2.2 Shields


You had 5 spell levels left.
You didn't know any spells.
Your spell library contained the following spells:

 Spells                   Type           Power      Damage    Failure   Level
 Sandblast                Erth           0%         2d4       99%         1
 Volatile Blastmotes      Fire/Tloc      0%         2d10      100%        3
 Vhi's Electric Charge    Tloc/Air       0%         N/A       100%        4
 Gell's Gavotte           Tloc           0%         2d(11-16) 100%        6


Dungeon Overview and Level Annotations

Branches:
Dungeon (4/15)
 Temple: D:4-7

Altars:
Makhleb
Trog

Shops:
D:3 [


Innate Abilities, Weirdness & Mutations

You can wield a second weapon in your off-hand.
It takes a long time for you to wield or remove held weapons.
Your first few attacks do less damage.
You cannot equip rings or amulets.


Message History

You are too injured to fight recklessly!
You are too injured to fight recklessly!
You are on fire!
You sock the bombardier beetle with your +0 mace!
The bombardier beetle is moderately wounded.
You hit the bombardier beetle with your +0 war axe.
The liquid fire burns you!
The bombardier beetle bites you but does no damage.
You barely miss the bombardier beetle with your +0 mace.
The bombardier beetle is severely wounded.
You completely miss the bombardier beetle with your +0 war axe.
The liquid fire burns you!
You barely miss the bombardier beetle with your +0 mace.
The bombardier beetle is severely wounded.
You completely miss the bombardier beetle with your +0 war axe.
The liquid fire burns you!
* * * LOW HITPOINT WARNING * * *
The bombardier beetle bites you but does no damage.
You hit the bombardier beetle with your +0 mace.
The bombardier beetle is severely wounded.
You hit the bombardier beetle with your +0 war axe.
The liquid fire burns you!
* * * LOW HITPOINT WARNING * * *
The bombardier beetle closely misses you.
You feel better. The liquid fire burns you!
* * * LOW HITPOINT WARNING * * *
You barely miss the bombardier beetle with your +0 mace.
The bombardier beetle is almost dead.
You closely miss the bombardier beetle with your +0 war axe.
The liquid fire burns you!
* * * LOW HITPOINT WARNING * * *
The bombardier beetle closely misses you.
It was a potion of enlightenment.
You feel very buoyant.
You fly up into the air.
The liquid fire burns you!
* * * LOW HITPOINT WARNING * * *
The bombardier beetle bites you.
You die...

########## #..######
#........# #..#
#........# #..#
###........####..#
..............#..#
###.........#.#..#
#....†<...#.#..#
###.........#.#..####.#
.##.............@.....#
.######.#.#.#<##B.###.#
......#.#.#.####..#
......#.#.#.. ...#
......#.#.#### #.##
.######.#.# #.. ..#
#.#.# ####.# #.# #.#..
.....# #.#####.####..#


You could see a bombardier beetle.

Vanquished Creatures
  An ogre (D:3)
  A scorpion (D:3)
  2 bombardier beetles (D:4)
  A hound (D:4)
  An orc priest (D:3)
  An orc wizard (D:3)
  2 adders
  2 dart slugs
  2 ribbon worms
  8 orcs (D:3)
  10 ball pythons
  4 bats
  7 endoplasms
  4 giant cockroaches
  10 goblins
  12 hobgoblins
  7 jackals
  8 kobolds
  A quokka (D:4)
  A frilled lizard (D:2)
  5 rats
90 creatures vanquished.

Vanquished Creatures (others)
  An arcanist (D:4)
1 creature vanquished.

Grand Total: 91 creatures vanquished

Notes
Turn   | Place    | Note
-------+----------+-------------------------------------------
     0 | D:1      | retardedninja the Coglin Fighter began the quest for the
                  | Orb.
     0 | D:1      | Reached XP level 1. HP: 18/18 MP: 1/1
   150 | D:1      | Reached XP level 2. HP: 24/24 MP: 2/2
   390 | D:1      | Reached XP level 3. HP: 28/29 MP: 3/3
  1488 | D:2      | Reached XP level 4. HP: 37/37 MP: 4/4
  1578 | D:2      | Found a faded altar of an unknown god.
  1598 | D:2      | Got Plato's Compilation of Topomancy
  2012 | D:3      | Found a burning altar of Makhleb.
  2012 | D:3      | Noticed a balrug
  2106 | D:3      | Reached skill level 4 in Fighting
  2194 | D:3      | Reached XP level 5. HP: 41/42 MP: 5/5
  2766 | D:3      | Found Xaetteab's Armour Shop.
  2818 | D:3      | Noticed an ogre
  2827 | D:3      | Killed an ogre
  2828 | D:3      | Reached XP level 6. HP: 20/50 MP: 6/6
  3073 | D:4      | Reached skill level 5 in Fighting
  3266 | D:4      | Found a bloodstained altar of Trog.
  3268 | D:4      | Noticed a wizard
  3273 | D:4      | Killed a wizard
  3399 | D:4      | HP: 1/51 [burnt (3)]
  3399 | D:4      | Slain by a bombardier beetle

Illustrated notes

Levels and vault maps discovered:
D:1:      dpeg_arrival_shrine, layout_basic
D:2:      layout_loops_corners, shapermc_ecumenical_altar_rom_forum,
          grunt_decor_clamped
D:3:      layout_loops_ring, makhleb_altar_promises_db, serial_shops, shop
D:4:      layout_basic, trog_wizard

Skill      XL: |  1  2  3  4  5  6 |
---------------+-------------------+-----
Armour         | 3 |  3.9
Axes           | 3 4 |  4.7
Fighting       | 4 5 |  5.2
Shields        | |  2.2

Action                     |  1- 3 |  4- 6 || total
---------------------------+-------+-------++-------
  Melee: War axe           |    75 |    93 ||   168
         Mace              |    62 |    88 ||   150
    Use: Potion            |       |     5 ||     5
 Armour: Scale mail        |    63 |       ||    63
         Chain mail        |    50 |    84 ||   134
  Dodge: Dodged            |    45 |    28 ||    73
  Block: Buckler           |     5 |       ||     5

Table legend: (Time is in decaauts)
 A = Elapsed time spent in this place.
 B = Non-inter-level travel time spent in this place.
 C = Inter-level travel time spent in this place.
 D = Time resting spent in this place.
 E = Time spent auto-exploring this place.
 F = Levels seen in this place.
 G = Mean time per level.
                   A        B        C        D        E       F      G
               +--------+--------+--------+--------+--------+-----+--------+
         Total |   3459 |   3318 |    141 |    201 |   2503 |   4 |  864.8 |
       Dungeon |   3459 |   3318 |    141 |    201 |   2503 |   4 |  864.8 |
               +--------+--------+--------+--------+--------+-----+--------+

Top non-repeatable levels by time:
     D:3: 1108 daAuts
     D:2: 1027 daAuts
     D:1: 973 daAuts
     D:4: 350 daAuts
